 Dungeon Crawl Stone Soup version 0.31.0-12-g77e489cdc1 (webtiles) character file.

Game seed: 2594642668665544773

152604 dvd2 the Eclecticist (level 17, -1/96 HPs)
             Began as a Deep Elf Air Elementalist on Mar 1, 2024.
             Was the Champion of Vehumet.
             Succumbed to a wolf spider's poison
             ... on level 2 of the Spider Nest on Mar 2, 2024.
             The game lasted 02:22:44 (38961 turns).

dvd2 the Eclecticist (Deep Elf Air Elementalist)   Turns: 38961, Time: 02:22:45

Health: -1/96      AC: 12    Str:  6 (8)  XL:     17   Next: 3%
Magic:  20/52      EV: 13    Int: 27 (29) God:    Vehumet [******]
Gold:   1435       SH: 13    Dex: 14 (18) Spells: 8/56 levels left

rFire   + . .        M - staff of Disintegration {rElec Str+3 Air Earth}
rCold   . . .        W - +3 buckler {AC+3}
rNeg    . . .        H - +3 troll leather armour {Snorg}
rPois   +            K - +1 helmet
rElec   +            k - +0 cloak
rCorr   .            Q - +2 pair of gloves {Dex+3}
SInv    .            w - +0 pair of boots
Will    +....        n - amulet of reflection
Stlth   +++          e - ring of Wahitoi {rPois rF+ Slay+3}
HPRegen 1.16/turn    Y - ring of magical power
MPRegen 0.33/turn

%: reflection
@: lethally poisoned (-1 -> -11), corroded
A: no striking features
a: Renounce Religion


You were on level 2 of the Spider Nest.
You worshipped Vehumet.
Vehumet was exalted by your worship.
You visited 5 branches of the dungeon, and saw 26 of its levels.
You visited the Abyss 1 time.
You also visited: Ossuary, Bailey and Ice Cave.

You collected 3762 gold pieces.
You spent 2327 gold pieces at shops.

Inventory:

Hand Weapons
 Z - the +4 war axe of the Firefly {spect, Int+4 Dex+3}
   (You found it on level 11 of the Dungeon)

   Int+4:     It affects your intelligence (+4).
   Dex+3:     It affects your dexterity (+3).
Armour
 k - a +0 cloak (worn)
 w - a +0 pair of boots (worn)
 H - a +3 troll leather armour (worn) {Snorg}
 K - a +1 helmet (worn)
 N - the +5 fire dragon scales of Action {rPois rF++ rC- MP+9 Int+3}
   (You took it off a spriggan in a bailey)

   Int+3:     It affects your intelligence (+3).
   rF++:      It greatly protects you from fire.
   rC-:       It makes you vulnerable to cold.
   rPois:     It protects you from poison MP+9: It affects your magic capacity
   (+9).
 Q - a +2 pair of gloves of dexterity (worn)
 W - a +3 buckler of protection (worn)
Magical Staves
 E - a staff of conjuration
 M - the staff of Disintegration (weapon) {rElec Str+3 Air Earth}
   (You found it in an ice cave)

   [staff of air]

   Base accuracy: +5 Base damage: 5 Base attack delay: 1.2 This weapon's minimum
   attack delay (0.6) is reached at skill level 12.
   Str+3:     It affects your strength (+3).
   rElec:     It insulates you from electricity.
   Air:       It increases the power of your Air spells.
   Earth:     It increases the power of your Earth spells.
   It falls into the 'Staves' category.
   It is a one-handed weapon.
 X - a staff of cold
Jewellery
 e - the ring of Wahitoi (left hand) {rPois rF+ Slay+3}
   (You bought it in a shop on level 2 of the Orcish Mines)

   [ring of protection from fire]

   Slay+3:    It affects your accuracy & damage with ranged weapons and melee
   (+3).
   rF+:       It protects you from fire.
   rPois:     It protects you from poison
 m - a ring of ice
 n - an amulet of reflection (around neck)
 s - the amulet "Ved Onoasulu" {rF+ rC- Will+ Regen+}
   (You found it on level 1 of the Lair of Beasts)

   [amulet of regeneration]

   rF+:       It protects you from fire.
   rC-:       It makes you vulnerable to cold.
   Will+:     It increases your willpower.
   Regen+:    It increases your rate of health regeneration.
 y - an amulet of magic regeneration
 A - a ring of flight
 U - a ring of protection from cold
 Y - a ring of magical power (right hand)
Wands
 c - a wand of digging (3)
 z - a wand of flame (45)
 J - a wand of polymorph (6)
 R - a wand of charming (19)
 S - a wand of mindburst (9)
 T - a wand of acid (4)
 V - a wand of roots (10)
Scrolls
 d - 3 scrolls of teleportation
 o - 2 scrolls of amnesia
 q - 5 scrolls of revelation
 r - a scroll of blinking
 u - 4 scrolls of poison
 C - 2 scrolls of fog
 D - 2 scrolls of enchant weapon
 I - a scroll of fear
 O - 5 scrolls of butterflies
Potions
 b - 2 potions of magic
 f - 2 potions of invisibility
 g - 6 potions of attraction {unknown}
 h - a potion of ambrosia
 i - 3 potions of resistance
 j - 3 potions of enlightenment
 l - 9 potions of curing
 p - 4 potions of brilliance
 v - 5 potions of heal wounds
 x - 7 potions of mutation {unknown}
 B - 2 potions of might {unknown}
 F - a potion of cancellation {unknown}
 G - 9 potions of haste


   Skills:
 * Level 7.4 Fighting
 + Level 3.1 Staves
 + Level 2.5 Armour
 + Level 7.9 Dodging
 + Level 5.0 Stealth
 + Level 4.6 Shields
 + Level 20.4 Spellcasting
 * Level 10.0 Conjurations
 + Level 5.6 Hexes
 + Level 5.0 Necromancy
 + Level 13.1 Fire Magic
 + Level 4.2 Ice Magic
 + Level 16.9 Air Magic
 + Level 3.5 Alchemy
 + Level 1.2 Evocations


You had 8 spell levels left.
You knew the following spells:

 Your Spells              Type           Power      Damage    Failure   Level
a - Sublimation of Blood  Necr           53%        N/A       1%          2
b - Orb of Destruction    Conj           35%        9d10      13%         7
c - Swiftness             Air            100%       N/A       0%          3
d - Airstrike             Air            54%        2d(8-24)  1%          4
e - Arcjolt               Conj/Air       50%        1d60      1%          5
f - Foxfire               Conj/Fire      100%       2x1d9     1%          1
g - Plasma Beam           Fire/Air       52%        2x1d67    1%          6
h - Fireball              Conj/Fire      37%        3d15      1%          5
i - Freezing Cloud        Conj/Ice/Air   45%        6-21      1%          5
j - Irradiate             Conj/Alch      29%        3d21      1%          5
k - Yara's Violent Unrav  Hex/Alch       25%        3d11      4%          5

Your spell library contained the following spells:

 Spells                   Type           Power      Damage    Failure   Level
 Shock                    Conj/Air       100%       1d9       0%          1
 Static Discharge         Conj/Air       100%       3-8/arc   0%          2
 Kiss of Death            Conj/Necr      100%       2d13      1%          1
 Sandblast                Erth           82%        2d17      1%          1
 Jinxbite                 Hex            100%       N/A       1%          2
 Confusing Touch          Hex            55%        N/A       1%          3
 Inner Flame              Hex/Fire       68%        N/A       1%          3
 Ozocubu's Armour         Ice            50%        N/A       1%          3
 Stone Arrow              Conj/Erth      100%       3d13      1%          3
 Brom's Barrelling Bould  Conj/Erth      70%        2d8       1%          4
 Flame Wave               Conj/Fire      74%        2d16      1%          4
 Sticky Flame             Fire/Alch      64%        2d11      1%          4
 Vhi's Electric Charge    Tloc/Air       100%       N/A       1%          4
 Apportation              Tloc           54%        N/A       3%          1
 Dispel Undead            Necr           53%        3d19      4%          4
 Call Imp                 Summ           54%        N/A       5%          2
 Passwall                 Erth           41%        N/A       11%         3
 Metabolic Englaciation   Hex/Ice        26%        N/A       13%         5
 Petrify                  Alch/Erth      53%        N/A       17%         4
 Alistair's Intoxication  Alch           30%        N/A       24%         5
 Sculpt Simulacrum        Ice/Alch       24%        N/A       73%         6
 Malign Gateway           Summ/Tloc      13%        N/A       100%        7
 Summon Hydra             Summ           13%        N/A       100%        7
 Summon Horrible Things   Summ           13%        N/A       100%        8


Dungeon Overview and Level Annotations

Branches:
Dungeon (15/15)            Temple (1/1) D:5            Lair (5/5) D:11
 Shoals (0/4) Lair:2       Spider (3/4) Lair:2        Slime (0/5) Lair:4
    Orc (2/2) D:11            Elf (0/3) Orc:2        Vaults (0/5) D:13
 Depths (0/4) D:15        Ossuary (visited)          Bailey (visited)
  IceCv (visited)

Altars:
Ashenzari
Cheibriados
Dithmenos
Elyvilon
Fedhas
Gozag
Hepliaklqana
Kikubaaqudgha
Makhleb
Nemelex Xobeh
Okawaru
Qazlal
Ru
Sif Muna
Trog
Uskayaw
Vehumet
Wu Jian
Xom
Yredelemnul
Zin
The Shining One

Shops:
D:1 !   D:7 *   D:8 =   D:15 *   Orc:2 ?=(

Portals:
Hell: Lair:5
Trove: D:11 (give +6 demon whip)

Annotations:
D:11 1 runed translucent door, Beaer's ghost, journeyman FeFi


Message History

Something is struck by an electric surge!!!
You block the wolf spider's attack. The wolf spider bites you.
A jumping spider comes into view.
A redback comes into view.
The pharaoh ant is engulfed in freezing vapours.
A redback comes into view.
You block the wolf spider's attack. The wolf spider bites you!
You are poisoned.
The wolf spider poisons you!
The pharaoh ant is engulfed in freezing vapours.
Something hits you!
Deactivating autopickup; reactivate with Ctrl-A.
Something hits you.
Something stings you but does no damage.
The broodmother is engulfed in freezing vapours.
The redback moves out of view.
Unknown command.
You feel very sick.
The jumping spider leaps!
You block the wolf spider's attack. The wolf spider bites you.
The tarantella is engulfed in freezing vapours.
The pharaoh ant bites you but does no damage.
The broodmother bites you!!
* * * LOW HITPOINT WARNING * * *
You feel you are being watched by something.
You feel your power leaking away. Something hits you!
* * * LOW HITPOINT WARNING * * *
You feel clumsy. Something hits you.
* * * LOW HITPOINT WARNING * * *
You feel clumsy.
Something stings you but does no damage.
The entropy weaver hits you.
* * * LOW HITPOINT WARNING * * *
You block the entropy weaver's attack. The entropy weaver hits you!
* * * LOW HITPOINT WARNING * * *
The entropy weaver hits you but does no damage.
You climb upwards.
Reactivating autopickup.
You die...

..........#...........#..........
#........#...........###.........
###.................#####........
# ##....#..^...........#.......##
####.###...........##...##....###
.#.### #...........##...####.###.
..#######..........##..#^.###....
.###..####.....sB.###.###....##..
.........##...#.@s# #.#####.###..
..........######..# #..# ##.# #..
...........####...###..###.## ##.
^.....[..##...............#.## ##
.#.......##..........#.#####.####
###......##..........#.# ####.#
#####....##...........## ###....
#.###...###...........# ###......
...#.##..#............###........


You could see a broodmother, a wolf spider and a pharaoh ant.

Vanquished Creatures
  Rupert (Orc:2)
  Jorgrun (Orc:2)
  A tentacled starspawn (Abyss:2)
  Kirke (Spider:1)
  Louise (Spider:1)
  A frost giant (D:15)
  2 ghost moths
  An orc warlord (Orc:2)
  3 very ugly things
  A dire elephant (Lair:3)
  Snorg (D:11)
  2 jiangshi (Abyss:2)
  3 entropy weavers (Spider:2)
  2 caustic shrike simulacra (IceCv)
  2 catoblepae
  Erolcha (D:11)
  5 hydras
  8 boulder beetles
  4 vault guards (D:13)
  6 two-headed ogres
  5 tengu warriors
  4 death yaks (Lair:3)
  A death scarab (Spider:1)
  The ghost of dertzug the Protected, a novice AtFi of Zin (D:9)
  4 centaur warriors
  A vampire mage (Abyss:2)
  2 thrashing horrors (Abyss:2)
  An orc high priest (Orc:2)
  5 demonic crawlers
  A deep troll earth mage (D:14)
  A skyshark (Lair:5)
  2 sun demons
  Nergalle (D:11)
  Sonja (Orc:2)
  4 pharaoh ants
  4 skeletal warriors (D:14)
  A wretched star (Abyss:2)
  Amaemon (D:11)
  The ghost of McKennaii the Destroyer, a novice DgCj (D:7)
  4 orb spiders
  3 sun moths (Spider:2)
  A steelbarb worm (Spider:2)
  4 arcanists
  2 orange crystal statues (IceCv)
  A lindwurm (Lair:4)
  4 large abominations (Abyss:2)
  An oklob plant (Lair:2)
  A phantasmal warrior (D:14)
  2 ugly things (D:13)
  A deep elf pyromancer (D:12)
  5 orc sorcerers (Orc:2)
  5 orc knights
  2 manticores
  Maurice (D:8)
  7 cyclopes
  17 elephants
  6 wolf spiders
  2 merfolk sirens (Lair:2)
  3 meliai (D:13)
  A worldbinder (Abyss:2)
  A black mamba (shapeshifter) (D:13)
  3 smoke demons (Abyss:2)
  7 black mambas
  An apocalypse crab (Abyss:2)
  4 orange demons
  A gargoyle (D:12)
  18 cane toads
  6 unseen horrors
  6 rime drakes
  5 torpor snails
  4 freezing wraiths
  A tengu conjurer (D:15)
  2 ice devils (Lair:5)
  12 komodo dragons
  A yaktaur (D:14)
  Psyche (D:8)
  An anaconda simulacrum (Lair:1)
  A yaktaur (shapeshifter) (D:15)
  2 efreet
  2 golden dragon simulacra (IceCv)
  A merfolk (Lair:2)
  9 trolls
  A hellwing (Lair:5)
  A hornet (D:8)
  2 alligator simulacra (IceCv)
  7 saltlings (Orc:2)
  17 tarantellas
  7 blink frogs
  A dream sheep (Lair:3)
  12 jumping spiders
  10 slime creatures
  9 culicivoras
  2 small abominations (Abyss:2)
  A centaur simulacrum (D:14)
  3 spriggans (Bailey)
  2 vampires
  2 wraiths
  40 yaks
  3 dire elephant simulacra (IceCv)
  7 wyverns
  A ynoxinul (Abyss:2)
  6 hogs (Spider:1)
  2 steam dragons
  33 redbacks
  9 vampire mosquitoes
  3 wargs
  9 basilisks
  2 harpy simulacra (IceCv)
  2 hydra simulacra (IceCv)
  Edmund (D:4)
  3 hell hounds (Lair:5)
  An acid dragon (Bailey)
  3 ice beasts
  A sky beast (D:6)
  23 water moccasins
  A boulder beetle simulacrum (Lair:1)
  31 orc warriors
  3 ettin simulacra (IceCv)
  3 laughing skulls
  3 black bears
  4 boggarts (D:15)
  10 ogres
  11 centaurs
  16 wolves
  An elf zombie (D:8)
  A kobold brigand (D:7)
  2 phantoms (D:5)
  3 gnoll sergeants
  22 bullfrogs
  15 wights
  A blink frog simulacrum (Lair:1)
  A lindwurm simulacrum (IceCv)
  6 killer bees
  9 howler monkeys
  3 electric eels
  2 bombardier beetles (D:5)
  5 centaur zombies
  2 quasits (Abyss:2)
  A crimson imp (D:8)
  A komodo dragon simulacrum (Lair:1)
  18 orc priests
  3 jellies
  3 hounds
  A gnoll bouda (D:8)
  Crazy Yiuf (D:7)
  3 scorpion zombies (D:8)
  6 iguanas
  12 orc wizards
  3 ogre zombies (D:8)
  2 hound zombies (D:8)
  20 gnolls
  9 adders
  A shadow imp (D:6)
  3 white imps
  6 adder zombies
  2 dart slugs (D:4)
  A ribbon worm (D:10)
  58 orcs
  11 endoplasms
  4 giant cockroaches
  9 goblins
  3 hobgoblins
  7 jackals
  9 kobolds
  5 quokkas
  8 ball pythons
  4 bats
  9 frilled lizards
  2 gnoll zombies (Ossuary)
  4 goblin zombies
  7 hobgoblin zombies (Ossuary)
  3 orc zombies (Ossuary)
  11 rats
  A rat zombie (D:7)
  3 foxfires
  A lurking horror (Abyss:2)
  3 starspawn tentacles (Abyss:2)
889 creatures vanquished.

Vanquished Creatures (others)
  Nessos (Lair:3)
  15 foxfires
16 creatures vanquished.

Grand Total: 905 creatures vanquished

Notes
Turn   | Place    | Note
-------+----------+-------------------------------------------
     0 | D:1      | dvd2 the Deep Elf Air Elementalist began the quest for the
                  | Orb.
     0 | D:1      | Reached XP level 1. HP: 10/10 MP: 6/6
   183 | D:1      | Reached XP level 2. HP: 15/15 MP: 6/8
   291 | D:1      | Learned a level 2 spell: Static Discharge
   595 | D:1      | Found Ynaulitt's Distillery.
  1000 | D:2      | Found a faded altar of an unknown god.
  1062 | D:1      | Bought a potion of curing for 33 gold pieces
  1177 | D:2      | Reached XP level 3. HP: 19/19 MP: 5/10
  1265 | D:2      | Learned a level 3 spell: Swiftness
  1860 | D:2      | You fall into a shaft and drop 2 floors!
  2340 | D:3      | Reached XP level 4. HP: 24/24 MP: 8/11
  2400 | D:3      | Learned a level 4 spell: Airstrike
  2638 | D:3      | Reached skill level 4 in Spellcasting
  2808 | D:3      | Found an iron altar of Okawaru.
  2927 | D:3      | Reached XP level 5. HP: 25/28 MP: 8/13
  3067 | D:4      | Identified the +0 ring mail of Shielding {+Inv Stlth+}
  3252 | D:4      | Noticed Edmund
  3418 | D:5      | Entered Level 5 of the Dungeon
  3533 | D:5      | Found a shimmering altar of Xom.
  3554 | D:5      | Found a shimmering altar of Xom.
  3557 | D:5      | Found a shimmering altar of Xom.
  3559 | D:5      | Found a shimmering altar of Xom.
  3582 | D:5      | Reached skill level 5 in Spellcasting
  3582 | D:5      | Reached XP level 6. HP: 21/32 MP: 5/15
  3900 | D:5      | Reached skill level 5 in Air Magic
  3947 | D:5      | Reached skill level 6 in Spellcasting
  4072 | D:5      | Reached XP level 7. HP: 36/36 MP: 5/18
  4168 | D:5      | Found a staircase to the Ecumenical Temple.
  4222 | Temple   | Entered the Ecumenical Temple
  4366 | D:5      | Reached skill level 7 in Spellcasting
  4896 | D:4      | Killed Edmund
  4897 | D:4      | Reached XP level 8. HP: 41/41 MP: 6/21
  5148 | D:4      | Found a hazy altar of Hepliaklqana.
  5248 | D:6      | Found an ancient bone altar of Kikubaaqudgha.
  5347 | D:6      | Found a radiant altar of Vehumet.
  5350 | D:6      | Reached skill level 8 in Spellcasting
  5458 | D:6      | Became a worshipper of Vehumet
  5747 | D:6      | Reached skill level 9 in Spellcasting
  6638 | D:7      | Found Voist's Gadget Gallery.
  6666 | D:7      | Learned a level 5 spell: Arcjolt
  6678 | D:7      | Found a sand-covered staircase.
  6697 | Ossuary  | Entered an ossuary
  6701 | Ossuary  | Reached * piety under Vehumet
  6701 | Ossuary  | Offered knowledge of Foxfire by Vehumet.
  6706 | Ossuary  | Learned a level 1 spell: Foxfire
  6933 | Ossuary  | Reached XP level 9. HP: 41/45 MP: 10/24
  7144 | Ossuary  | Noticed a silent spectre
  7439 | D:7      | Reached skill level 5 in Conjurations
  7440 | D:7      | Reached skill level 10 in Spellcasting
  7869 | D:7      | Found a white marble altar of Elyvilon.
  7982 | D:7      | Found a runed translucent door.
  7983 | D:7      | Noticed Crazy Yiuf
  8016 | D:7      | Found a runed translucent door.
  8054 | D:7      | Found a sparkling altar of Nemelex Xobeh.
  8284 | D:7      | Noticed McKennaii's ghost (novice DgCj)
  8306 | D:8      | Offered knowledge of Freeze by Vehumet.
  8308 | D:8      | Reached ** piety under Vehumet
  8326 | D:8      | Noticed Maurice
  8330 | D:8      | Killed Maurice
  8331 | D:8      | Reached skill level 10 in Air Magic
  8480 | D:8      | Found a flagged portal.
  8530 | Bailey   | Entered a bailey
  8639 | Bailey   | Noticed a two-headed ogre
  8670 | Bailey   | Killed a two-headed ogre
  8671 | Bailey   | Reached skill level 11 in Spellcasting
  8671 | Bailey   | Reached skill level 1 in Evocations
  8671 | Bailey   | Reached XP level 10. HP: 4/50 MP: 24/27
  8848 | Bailey   | Identified the +5 fire dragon scales of Action {rPois rF++
                  | rC- MP+9 Int+3}
  9164 | D:8      | Found an ancient bone altar of Kikubaaqudgha.
  9178 | D:8      | Noticed a two-headed ogre
  9317 | D:8      | Noticed a two-headed ogre
  9323 | D:8      | Killed a two-headed ogre
  9594 | D:8      | Found Cihiziwu's Jewellery Shop.
  9606 | D:8      | Found a burning altar of Makhleb.
  9732 | D:8      | Offered knowledge of Momentum Strike by Vehumet.
  9865 | D:8      | Reached skill level 12 in Spellcasting
  9868 | D:8      | Reached *** piety under Vehumet
  9944 | D:8      | Learned a level 6 spell: Plasma Beam
 10006 | D:8      | Killed a two-headed ogre
 10007 | D:8      | Reached skill level 1 in Fire Magic
 10091 | D:8      | Noticed Psyche
 10094 | D:8      | Killed Psyche
 10226 | D:8      | Reached XP level 11. HP: 54/54 MP: 19/29
 10481 | D:9      | Offered knowledge of Sticky Flame by Vehumet.
 10816 | D:9      | Reached skill level 13 in Spellcasting
 11031 | D:9      | Found an opulent altar of Gozag.
 11147 | D:9      | Noticed dertzug's ghost (novice AtFi)
 11148 | D:9      | Found a runed translucent gate.
 11149 | D:9      | Found a runed translucent gate.
 11150 | D:9      | Found a runed translucent gate.
 11159 | D:9      | Noticed a catoblepas
 11341 | D:9      | Found a basalt altar of Yredelemnul.
 11712 | D:7      | Killed Crazy Yiuf
 11850 | D:10     | Entered Level 10 of the Dungeon
 11858 | D:10     | Found a shadowy altar of Dithmenos.
 12147 | D:10     | Noticed a two-headed ogre
 12148 | D:10     | Killed a two-headed ogre
 12173 | D:10     | Reached **** piety under Vehumet
 12199 | D:10     | Reached skill level 1 in Staves
 12398 | D:10     | Offered knowledge of Fireball by Vehumet.
 12409 | D:10     | Learned a level 5 spell: Fireball
 12632 | D:10     | Found a snail-covered altar of Cheibriados.
 12888 | D:10     | Reached skill level 14 in Spellcasting
 13150 | D:11     | Noticed Amaemon
 13155 | D:11     | Killed Amaemon
 13156 | D:11     | Reached skill level 5 in Fire Magic
 13384 | D:11     | Found a runed translucent door.
 13384 | D:11     | Found a shimmering altar of Xom.
 13384 | D:11     | Noticed a +2 rapier of chaos
 13384 | D:11     | Noticed Beaer's ghost (journeyman FeFi)
 13737 | D:11     | Noticed Nergalle
 13739 | D:11     | Killed Nergalle
 13740 | D:11     | Reached XP level 12. HP: 60/60 MP: 21/32
 13775 | D:11     | Noticed Erolcha
 13778 | D:11     | Killed Erolcha
 14091 | D:1      | Bought a potion of haste for 110 gold pieces
 14091 | D:1      | Bought a potion of heal wounds for 55 gold pieces
 14255 | D:7      | Killed McKennaii's ghost
 14417 | D:11     | Found a portal to a secret trove of treasure.
 14792 | D:11     | Found a staircase to the Lair.
 14945 | D:11     | Reached ***** piety under Vehumet
 15047 | D:11     | Identified the +4 war axe of the Firefly {spect, Int+4
                  | Dex+3}
 15098 | D:11     | Noticed Snorg
 15106 | D:11     | HP: 3/60 [Snorg (16)]
 15107 | D:11     | Killed Snorg
 15148 | D:11     | Offered knowledge of Eringya's Noxious Bog by Vehumet.
 15149 | D:11     | Reached skill level 15 in Spellcasting
 15948 | D:11     | Found a staircase to the Orcish Mines.
 16332 | Lair:1   | Entered Level 1 of the Lair of Beasts
 16549 | Lair:1   | Found a transporter.
 17088 | Lair:1   | Noticed a boulder beetle
 17095 | Lair:1   | Killed a boulder beetle
 17180 | Lair:1   | Reached skill level 1 in Shields
 17368 | Lair:1   | Reached skill level 16 in Spellcasting
 17520 | Lair:1   | Found a transporter.
 17914 | Lair:2   | Noticed a boulder beetle
 17916 | Lair:2   | Killed a boulder beetle
 18254 | Lair:2   | Reached XP level 13. HP: 64/64 MP: 29/35
 18502 | Lair:2   | Found a hole to the Spider Nest.
 18535 | Lair:2   | Found a staircase to the Shoals.
 18660 | Lair:2   | Reached skill level 1 in Fighting
 19084 | Lair:2   | Found a blossoming altar of Fedhas.
 20002 | Lair:3   | Noticed Nessos
 20138 | Orc:1    | Entered Level 1 of the Orcish Mines
 20232 | Orc:2    | Entered Level 2 of the Orcish Mines
 20232 | Orc:2    | Found a staircase to the Elven Halls.
 20830 | Orc:2    | Noticed Jorgrun
 21650 | Lair:3   | Killed Nessos
 21893 | Lair:3   | Offered knowledge of Lee's Rapid Deconstruction by Vehumet.
 22211 | Lair:3   | Reached skill level 17 in Spellcasting
 22459 | Lair:3   | You are sucked into a shaft and drop 2 floors!
 22459 | Lair:5   | Entered Level 5 of the Lair of Beasts
 22553 | Lair:3   | Reached skill level 15 in Air Magic
 22914 | Lair:3   | Reached skill level 1 in Armour
 23380 | Lair:3   | Reached XP level 14. HP: 75/75 MP: 28/37
 23474 | Lair:3   | Identified the +6 arbalest "Puax" {penet, +Blink rPois rC-
                  | rN++}
 23727 | Lair:3   | Identified a scroll of acquirement
 23728 | Lair:3   | Acquired 1188 gold pieces
 24325 | D:8      | Bought a ring of magical power for 280 gold pieces
 24528 | Lair:4   | Reached skill level 10 in Fire Magic
 25030 | Lair:4   | Found a staircase to the Slime Pits.
 26121 | Lair:5   | Offered knowledge of Freezing Cloud by Vehumet.
 26128 | Lair:5   | Learned a level 5 spell: Freezing Cloud
 26137 | Lair:5   | Reached skill level 5 in Fighting
 26882 | Lair:5   | Learned a level 5 spell: Irradiate
 26904 | Lair:5   | Reached skill level 18 in Spellcasting
 27386 | Lair:5   | Found a burning altar of Makhleb.
 27482 | Lair:5   | Found a gateway to Hell.
 27690 | Lair:1   | Identified the amulet "Ved Onoasulu" {rF+ rC- Will+ Regen+}
 27806 | D:9      | Reached skill level 1 in Ice Magic
 27807 | D:9      | Killed dertzug's ghost
 27993 | Orc:2    | Killed Jorgrun
 27994 | Orc:2    | Reached skill level 5 in Stealth
 27994 | Orc:2    | Reached skill level 1 in Alchemy
 28234 | Orc:2    | Noticed Sonja
 28235 | Orc:2    | Killed Sonja
 28635 | Orc:2    | Reached XP level 15. HP: 82/82 MP: 33/39
 28825 | Orc:2    | Noticed Rupert
 28828 | Orc:2    | Killed Rupert
 29333 | Orc:2    | Found Corr's Magic Scroll Shop.
 29338 | Orc:2    | Bought a scroll of identify for 30 gold pieces
 29338 | Orc:2    | Bought a scroll of identify for 30 gold pieces
 29338 | Orc:2    | Bought a scroll of identify for 30 gold pieces
 29338 | Orc:2    | Bought a scroll of noise for 15 gold pieces
 29338 | Orc:2    | Bought a scroll of identify for 30 gold pieces
 29338 | Orc:2    | Bought a scroll of identify for 30 gold pieces
 29338 | Orc:2    | Bought a scroll of identify for 30 gold pieces
 29360 | Orc:2    | Found Mukhlor's Weapon Shoppe.
 29362 | Orc:2    | Found Mohu Feo's Jewellery Shoppe.
 29368 | Orc:2    | Bought the ring of Wahitoi {rPois rF+ Slay+3} for 829 gold
                  | pieces
 29384 | Orc:2    | Found Fyidakha's Distillery.
 29392 | Orc:2    | Bought a potion of curing for 48 gold pieces
 29392 | Orc:2    | Bought a potion of invisibility for 128 gold pieces
 29392 | Orc:2    | Bought a potion of curing for 48 gold pieces
 29392 | Orc:2    | Bought a potion of lignification for 48 gold pieces
 29392 | Orc:2    | Bought a potion of haste for 160 gold pieces
 29392 | Orc:2    | Bought a potion of ambrosia for 128 gold pieces
 29392 | Orc:2    | Bought a potion of brilliance for 64 gold pieces
 29655 | D:12     | Offered knowledge of Yara's Violent Unravelling by Vehumet.
 29664 | D:12     | Learned a level 5 spell: Yara's Violent Unravelling
 30400 | D:13     | Reached skill level 5 in Dodging
 30803 | D:13     | Reached skill level 19 in Spellcasting
 31187 | D:13     | Found a gate to the Vaults.
 31855 | D:14     | Reached skill level 1 in Hexes
 32443 | D:15     | Entered Level 15 of the Dungeon
 32466 | D:15     | Found a staircase to the Depths.
 32467 | D:15     | Noticed a frost giant
 32470 | D:15     | Killed a frost giant
 33095 | D:15     | Reached XP level 16. HP: 90/90 MP: 39/41
 33320 | D:15     | Found Jaisch's General Store.
 33326 | D:15     | Bought a scroll of enchant armour for 97 gold pieces
 33326 | D:15     | Bought a potion of heal wounds for 65 gold pieces
 33326 | D:15     | Bought a potion of curing for 39 gold pieces
 33777 | D:15     | Learned a level 2 spell: Sublimation of Blood
 33966 | Spider:1 | Entered Level 1 of the Spider Nest
 34015 | Spider:1 | Reached skill level 1 in Necromancy
 34036 | Spider:1 | Found a glacial archway.
 34045 | IceCv    | Entered an ice cave
 34049 | IceCv    | Reached ****** piety under Vehumet
 34049 | IceCv    | Offered knowledge of Conjure Ball Lightning by Vehumet.
 34497 | IceCv    | Identified the staff of Disintegration {rElec Str+3 Air
                  | Earth}
 34719 | Spider:1 | Noticed Kirke
 34721 | Spider:1 | Killed Kirke
 35758 | Spider:1 | Noticed Louise
 35760 | Abyss:2  | Cast into level 2 of the Abyss (Louise)
 35840 | Abyss:2  | Noticed a bone dragon
 35944 | Abyss:2  | Found a corrupted altar of Lugonu.
 35974 | Abyss:2  | Reached skill level 5 in Hexes
 36093 | Abyss:2  | Reached skill level 20 in Spellcasting
 36095 | Abyss:2  | Noticed a tentacled starspawn
 36098 | Abyss:2  | Killed a tentacled starspawn
 36123 | Abyss:2  | Found a corrupted altar of Lugonu.
 36130 | Abyss:2  | Found a corrupted altar of Lugonu.
 36130 | Abyss:2  | Found a corrupted altar of Lugonu.
 36320 | Spider:1 | Escaped the Abyss
 37017 | Spider:1 | Killed Louise
 37017 | Spider:1 | Offered knowledge of Orb of Destruction by Vehumet.
 37071 | Spider:1 | Learned a level 7 spell: Orb of Destruction
 37381 | Spider:2 | Reached skill level 5 in Necromancy
 37925 | Spider:2 | Reached skill level 10 in Conjurations
 38374 | Spider:2 | You fall into a shaft and drop 1 floor!
 38376 | Spider:3 | Reached XP level 17. HP: 96/96 MP: 43/43
 38960 | Spider:3 | HP: 3/96 [entropy weaver (9)]
 38961 | Spider:2 | Succumbed to a wolf spider's poison

Illustrated notes

Levels and vault maps discovered:
D:1:      onia_arrival_handbag, layout_loops_ring, serial_shops, shop_fountains
D:2:      layout_loops_ring, ebering_ecumenical_altar_webs, dk_noncrumbling_4
D:3:      layout_rooms, mainiacjoe_overflow_alcove_1,
          nicolae_houndstooth_variations
D:4:      layout_cave_pools, nicolae_hepliaklqana_hippocampus,
          minmay_misc_feat_pillars, nicolae_the_louvre, uniq_edmund
D:5:      layout_loops_ring, xom_redecorated, temple_green
D:6:      layout_loops_ring, chequers_temple_overflow_statue_of_worship,
          chequers_serial_rivers_micro_d
D:7:      layout_rooms, nemelex_altar_shiori, elyvilon_altar_3,
          ebering_ghost_reflecting_pool, enter_ossuary_4, nicolae_shop_gadgets,
          uniq_crazy_yiuf_cottage
D:8:      layout_cave_pools, makhleb_grotto_becter, serial_shops, shop,
          enter_bailey_5, roadster_capsule_ark_zombie, uniq_maurice, uniq_psyche
D:9:      layout_basic, mainiacjoe_overflow_catwalk, grunt_gozag_breadcrumbs,
          gammafunk_ghost_split
D:10:     statuecave_lemuel, layout_small_grid, nicolae_dithmenos_shadow_blocks,
          slow_altar_2, fungi_pond_lemuel, serial_park_tiny_1,
          minmay_lizard_king
D:11:     layout_roguey, minmay_lair_entry_grove, david_orc_1_choice,
          ebering_ghost_xom, nicolae_trove_entry_columns, uniq_snorg,
          uniq_nergalle, uniq_erolcha, uniq_amaemon
D:12:     layout_basic, kennysheep_generic_room_15
D:13:     layout_big_octagon, lightli_vaults_fourway_checkpoint,
          serial_library_hellmonk_double_dead_end, nzn_life_drinkers
D:14:     minmay_diamond_stairs, layout_loops_ring,
          serial_library_hellmonk_junction
D:15:     grunt_enter_depths_snipers, layout_grid_maze, roderic_st_hans_cross,
          serial_shops, shop_statue
Temple:   dpeg_chambers_temple
Lair:1:   gammafunk_cloud_chamber, layout_cave_pods, fungi_pond_lemuel,
          grunt_megastairs_3
Lair:2:   layout_misc_corridors, elwin_shoals_entry_rooms,
          spider_nest_entry_web_field, tgw_fedhas
Lair:3:   nzn_winding_woodlands_stair_cross
          [nzn_winding_woodlands_5x15_sawtooth,
          nzn_winding_woodlands_center_pierced_h,
          nzn_winding_woodlands_5x15_eye, nzn_winding_woodlands_5x5_closed_star,
          nzn_winding_woodlands_5x5_perimeter,
          nzn_winding_woodlands_5x15_zeroes,
          nzn_winding_woodlands_center_diamonds,
          nzn_winding_woodlands_5x15_river_crossing], layout_gridlike, pond,
          uniq_nessos
Lair:4:   layout_misc_corridors, slime_entry_1, grunt_megastairs_1
Lair:5:   evil_forest, layout_cave_pods, infiniplex_staircase_pool_2
Spider:1: layout_cave_pods, portal_ice_cave_entry_pillars_four, drop_trap,
          nicolae_spider_twisty_arc_passages, uniq_louise, uniq_kirke
Spider:2: layout_chambers
Spider:3: layout_spider_delve, hellmonk_spider_spawner
Orc:1:    layout_caves
Orc:2:    hellmonk_orc_salted, layout_diamond_mine, nicolae_orc_stony_grotto,
          uniq_jorgrun, uniq_sonja, uniq_rupert

Skill      XL: |  1  2  3  4  5  6  7  8  9 10 11 12 13 14 15 16 |
---------------+-------------------------------------------------+-----
Conjurations   | 2 3 4 5 7 8 9 10 | 10.0
Spellcasting   | 4 5 6 7 9 11 12 14 16 17 18 19 20 | 20.4
Air Magic      | 4 5 6 8 11 12 13 14 15 16 | 16.9
Stealth        | 3 4 5 |  5.0
Dodging        | 3 6 7 |  7.9
Evocations     | 1 |  1.2
Fire Magic     | 2 5 7 9 11 12 13 | 13.1
Staves         | 2 3 |  3.1
Shields        | 1 3 4 |  4.6
Fighting       | 3 5 6 7 |  7.4
Armour         | 1 2 |  2.5
Ice Magic      | 1 4 |  4.2
Alchemy        | 1 3 |  3.5
Hexes          | 2 5 |  5.6
Necromancy     | 5 |  5.0

Action                     |  1- 3 |  4- 6 |  7- 9 | 10-12 | 13-15 | 16-18 || total
---------------------------+-------+-------+-------+-------+-------+-------++-------
  Melee: Dagger            |     1 |       |     3 |       |       |       ||     4
         Lajatang          |       |       |       |    47 |       |       ||    47
         Staff             |       |       |       |     1 |    29 |     1 ||    31
   Cast: Shock             |    85 |    72 |   123 |    30 |     3 |       ||   313
         Static Discharge  |     3 |     9 |    11 |     2 |     1 |       ||    26
         Airstrike         |       |     7 |    74 |   134 |    61 |     6 ||   282
         Swiftness         |       |       |     2 |       |     2 |       ||     4
         Arcjolt           |       |       |     4 |    37 |    88 |    20 ||   149
         Foxfire           |       |       |     3 |     4 |     3 |       ||    10
         Plasma Beam       |       |       |       |    71 |   258 |   168 ||   497
         Fireball          |       |       |       |    17 |    44 |    32 ||    93
         Irradiate         |       |       |       |       |     6 |     6 ||    12
         Freezing Cloud    |       |       |       |       |    11 |    11 ||    22
         Sublimation of Bl |       |       |       |       |       |    26 ||    26
  Evoke: Wand              |       |       |     9 |     4 |     3 |     1 ||    17
    Use: Potion            |       |       |     1 |     2 |     4 |     4 ||    11
         Scroll            |       |       |       |     7 |    21 |    10 ||    38
   Stab: Sleeping          |     1 |       |       |     1 |       |       ||     2
 Armour: Robe              |    10 |    18 |    35 |    72 |    12 |       ||   147
         Troll leather arm |       |       |       |       |    67 |    75 ||   142
  Dodge: Dodged            |       |     7 |    14 |    49 |    32 |    17 ||   119
  Block: Other             |     3 |     1 |     7 |    15 |       |       ||    26
         Reflection        |       |       |       |     2 |     5 |       ||     7
         Buckler           |       |       |       |     6 |    58 |    36 ||   100
